 Dungeon Crawl Stone Soup version 0.30.1-11-g7821555f0a (webtiles) character file.

Game seed: 14549314759061599213

1680 Ekaitz the Zephyrmancer (level 9, -1/52 HPs)
             Began as a Tengu Air Elementalist on Dec 22, 2023.
             Was a Follower of Vehumet.
             Killed by their own static electricity (2 damage)
             ... in a bailey.
             The game lasted 00:15:35 (6941 turns).

Ekaitz the Zephyrmancer (Tengu Air Elementalist)    Turns: 6941, Time: 00:15:36

Health: -1/52      AC:  4    Str:  8    XL:     9   Next: 2%
Magic:  8/16       EV: 16    Int: 20    God:    Vehumet [*.....]
Gold:   161        SH:  0    Dex: 15    Spells: 2/16 levels left

rFire   . . .        u - +10 club
rCold   . . .        (no shield)
rNeg    . . .        a - +0 robe
rPois   .            (helmet restricted)
rElec   .            z - +0 cloak
rCorr   .            h - +0 pair of gloves
SInv    .            (boots unavailable)
Will    .....        (no amulet)
Stlth   ++           (no ring)
HPRegen 0.28/turn    (no ring)
MPRegen 0.15/turn

%: no passive effects
@: flying quickly and evasively, quick
A: beak, talons 3, nimble flight
a: Renounce Religion


You were in a bailey.
You worshipped Vehumet.
Vehumet was aware of your devotion.
You visited 2 branches of the dungeon, and saw 8 of its levels.
You also visited: Bailey.

You collected 200 gold pieces.
You spent 39 gold pieces at shops.

Inventory:

Hand Weapons
 d - a +0 dagger
 r - a +1 sling of electrocution
 u - a +10 club (weapon)
 G - the +1 whip of Jodutuown {speed, rF+ Dex+2}
   (You found it on level 6 of the Dungeon)

   Dex:       It affects your dexterity (+2).
   rF:        It protects you from fire.
Missiles
 I - 7 poisoned darts
Armour
 a - a +0 robe (worn)
 h - a +0 pair of gloves (worn)
 z - a +0 cloak (worn)
Jewellery
 v - a ring of fire
Wands
 w - a wand of quicksilver (7)
 D - a wand of polymorph (9)
Scrolls
 c - 7 scrolls of identify {unknown}
 e - a scroll of brand weapon {unknown}
 g - a scroll of torment {unknown}
 i - 5 scrolls of teleportation {unknown}
 j - a scroll of noise {unknown}
 l - 2 scrolls of enchant weapon {unknown}
 n - a scroll of blinking {unknown}
 p - a scroll of amnesia {unknown}
 s - 2 scrolls of enchant armour {unknown}
 y - 2 scrolls of magic mapping {unknown}
 C - a scroll of poison {unknown}
 E - a scroll of vulnerability {unknown}
 F - a scroll of acquirement {unknown}
 H - a scroll of immolation {unknown}
Potions
 b - a potion of magic
 f - 2 potions of lignification {unknown}
 k - 3 potions of curing
 o - 2 potions of berserk rage {unknown}
 q - a potion of attraction {unknown}
 t - 2 potions of heal wounds {unknown}
 x - a potion of flight {unknown}


   Skills:
 - Level 4.1 Fighting
 - Level 0.7 Short Blades
 - Level 2.0 Maces & Flails
 - Level 4.9 Dodging
 - Level 3.3 Stealth
 - Level 4.0 Spellcasting
 - Level 6.2 Conjurations
 + Level 1.3 Fire Magic
 - Level 8.6 Air Magic


You had 2 spell levels left.
You knew the following spells:

 Your Spells              Type           Power      Damage    Failure   Level
a - Shock                 Conj/Air       100%       1d9       1%          1
b - Static Discharge      Conj/Air       66%        2-5/arc   1%          2
c - Swiftness             Air            38%        N/A       1%          3
d - Airstrike             Air            19%        2d(3-19)  3%          4
e - Sticky Flame          Conj/Fire      19%        2d4       26%         4

Your spell library contained the following spells:

 Spells                   Type           Power      Damage    Failure   Level
 Magic Dart               Conj           100%       1d8       1%          1
 Summon Small Mammal      Summ           16%        N/A       13%         1
 Lesser Beckoning         Tloc           8%         N/A       19%         2
 Flame Wave               Conj/Fire      19%        2d7       26%         4
 Inner Flame              Hex/Fire       6%         N/A       28%         3
 Call Canine Familiar     Summ           4%         N/A       36%         3
 Frozen Ramparts          Ice            8%         1d2       36%         3
 Gell's Gravitas          Tloc           4%         N/A       36%         3
 Ozocubu's Armour         Ice            4%         N/A       36%         3
 Summon Guardian Golem    Hex/Summ       4%         N/A       36%         3
 Teleport Other           Tloc           4%         N/A       36%         3
 Ice Form                 Ice/Tmut       4%         N/A       77%         4
 Summon Ice Beast         Ice/Summ       4%         N/A       77%         4
 Dispersal                Tloc           2%         N/A       100%        6
 Ozocubu's Refrigeration  Ice            2%         4d7       100%        7


Dungeon Overview and Level Annotations

Branches:
Dungeon (7/15)             Temple (1/1) D:6          Bailey (1/1)

Altars:
Cheibriados
Dithmenos
Elyvilon
Fedhas
Gozag
Hepliaklqana
Kikubaaqudgha
Makhleb
Nemelex Xobeh
Qazlal
Ru
Sif Muna
Trog
Vehumet
Wu Jian
Xom
Zin

Shops:
D:1 !

Portals:
Abyss: D:6

Annotations:
D:6 2 transporters, variable76's ghost, novice MiFi
D:7 Joseph


Innate Abilities, Weirdness & Mutations

You have a beak for a mouth.
You have claws for feet.
Your magical nature lets you fly swiftly and evasively.


Message History

The gnoll is lightly wounded.
The zap hits the gnoll.
The gnoll is heavily wounded.
The orc warrior misses you.
Casting: Shock (safe; 1% risk of failure)
Confirm with . or Enter, or press ? or * to list all spells.
Aiming: Shock (safe; 1% risk of failure)
Press: ? - help, Shift-Dir - straight line The zap misses the orc warrior.
The zap hits the gnoll!
You kill the gnoll!
Vehumet accepts your kill.
The zap hits the orc warrior.
The orc warrior is lightly wounded.
The zap misses the orc warrior.
The orc warrior hits you with a +0 war axe.
Casting: Shock (safe; 1% risk of failure)
Confirm with . or Enter, or press ? or * to list all spells.
The orc warrior is struck by an arc of lightning.
The orc warrior is almost dead.
You are struck by an arc of lightning.
* * * LOW HITPOINT WARNING * * *
The orc warrior is struck by an arc of lightning.
The orc warrior is almost dead.
The lightning grounds out.
The orc warrior hits you with a +0 war axe!
* * * LOW HITPOINT WARNING * * *
Unknown command.
Casting: Static Discharge (safe; 1% risk of failure)
Confirm with . or Enter, or press ? or * to list all spells.
The orc warrior is struck by an arc of lightning.
You kill the orc warrior!
Vehumet accepts your kill.
The orc warrior is struck by an arc of lightning.
The orc warrior is moderately wounded.
You are struck by an arc of lightning.
* * * LOW HITPOINT WARNING * * *
The orc warrior is struck by an arc of lightning.
The orc warrior is heavily wounded.
You are struck by an arc of lightning.
You die...

♣.....∩.....♣
♣♣........♣♣♣
♣♣........♣
♣##'''##♣♣ ##.....##
#.......# ##.......#
#.........#
##@........#
#######o)...⌠.....#
##.....##)........##
#.......).)....)..+
##......)##......)##
#.........#.......#
##.......o.##.....##
#.....⌠.o...#######
#.......g.##


You could see an orc warrior.

Vanquished Creatures
  Pikel (D:6)
  A water moccasin (D:5)
  An ice beast (D:5)
  An orc warrior (Bailey)
  A black bear (D:5)
  2 kobold brigands (D:7)
  A bullfrog (D:6)
  A scorpion (D:4)
  5 hounds
  Crazy Yiuf (D:4)
  An orc priest (D:4)
  A gnoll bouda (D:5)
  2 orc wizards
  An iguana (D:5)
  Robin (D:4)
  5 adders
  17 gnolls
  An ufetubus (D:7)
  A worm (D:4)
  3 dart slugs
  16 orcs
  6 ball pythons
  6 bats
  3 endoplasms (D:1)
  5 giant cockroaches
  15 hobgoblins
  13 jackals
  13 kobolds
  4 quokkas
  3 frilled lizards
  23 goblins
  9 rats
164 creatures vanquished.

Notes
Turn   | Place    | Note
-------+----------+-------------------------------------------
     0 | D:1      | Ekaitz the Tengu Air Elementalist began the quest for the
                  | Orb.
     0 | D:1      | Reached XP level 1. HP: 10/10 MP: 4/4
   135 | D:1      | Reached XP level 2. HP: 14/15 MP: 1/6
   138 | D:1      | Learned a level 2 spell: Static Discharge
   614 | D:1      | Reached XP level 3. HP: 19/19 MP: 5/7
   618 | D:1      | Learned a level 3 spell: Swiftness
   701 | D:1      | Found Voqelasi's Distillery.
   718 | D:1      | Bought a potion of curing for 39 gold pieces
   878 | D:1      | Reached skill level 5 in Air Magic
  1126 | D:2      | Reached skill level 1 in Fighting
  1240 | D:2      | Reached XP level 4. HP: 25/25 MP: 5/8
  2129 | D:2      | Gained mutation: Your magical nature lets you fly swiftly
                  | and evasively. [Tengu growth]
  2129 | D:2      | Reached XP level 5. HP: 29/29 MP: 5/9
  3342 | D:4      | Found a sacrificial altar of Ru.
  3368 | D:4      | Reached XP level 6. HP: 26/36 MP: 5/11
  3373 | D:4      | Learned a level 4 spell: Airstrike
  3866 | D:4      | Noticed Robin
  3870 | D:4      | Killed Robin
  4242 | D:4      | Reached skill level 6 in Air Magic
  4479 | D:4      | Found a runed translucent door.
  4480 | D:4      | Noticed Crazy Yiuf
  4489 | D:4      | Killed Crazy Yiuf
  4490 | D:4      | Reached XP level 7. HP: 40/40 MP: 8/12
  4554 | D:5      | Entered Level 5 of the Dungeon
  4716 | D:5      | Reached skill level 1 in Maces & Flails
  4933 | D:5      | Reached skill level 5 in Conjurations
  5129 | D:5      | Reached XP level 8. HP: 32/46 MP: 7/14
  5135 | D:5      | Reached skill level 7 in Air Magic
  5403 | D:6      | Found a bloodstained altar of Trog.
  5575 | D:6      | Found a transporter.
  5615 | D:6      | Found a transporter.
  5626 | D:6      | Identified the +1 whip of Jodutuown {speed, rF+ Dex+2}
  5641 | D:6      | Noticed Pikel
  5650 | D:6      | Killed Pikel
  5651 | D:6      | Reached skill level 8 in Air Magic
  5754 | D:6      | Found a staircase to the Ecumenical Temple.
  5762 | Temple   | Entered the Ecumenical Temple
  5776 | Temple   | Became a worshipper of Vehumet
  6131 | D:6      | Noticed variable76's ghost (novice MiFi)
  6142 | D:6      | Found a one-way gate to the infinite horrors of the Abyss.
  6543 | D:7      | Noticed Joseph
  6674 | D:7      | Reached * piety under Vehumet
  6674 | D:7      | Offered knowledge of Magic Dart by Vehumet.
  6679 | D:7      | Found a flagged portal.
  6741 | Bailey   | Entered a bailey
  6764 | Bailey   | Learned a level 4 spell: Sticky Flame
  6800 | Bailey   | Reached XP level 9. HP: 52/52 MP: 12/16
  6849 | Bailey   | Reached skill level 1 in Fire Magic
  6941 | Bailey   | HP: 1/52 [/static electricity (4)]
  6941 | Bailey   | Killed from afar by themself

Illustrated notes

Levels and vault maps discovered:
D:1:      minmay_arrival_four_circles, layout_loops_ring, serial_shops, shop,
          minmay_misc_feat_diagonals, minmay_misc_feat_pillars,
          minmay_heptomino_w4
D:2:      layout_basic, nicolae_grassy_gnolls
D:3:      layout_loops_corners
D:4:      layout_gridville, mainiacjoe_overflow_paths, uniq_crazy_yiuf_cottage,
          uniq_robin
D:5:      layout_rooms, kennysheep_generic_room_15
D:6:      layout_loops_corners, mainiacjoe_overflow_brackets,
          minmay_temple_entry_slanted, gammafunk_ghost_abyssal_escape,
          grunt_decor_resistance, uniq_pikel
D:7:      kennysheep_spiral_hall, layout_basic, grunt_temple_overflow_holy_war,
          mainiacjoe_overflow_24_doors, enter_bailey_5, uniq_menkaure,
          uniq_joseph
Temple:   hellmonk_temple_two_chambers
Bailey:   bailey_axe_minmay_hex_keep, bailey

Skill      XL: |  1  2  3  4  5  6  7  8  9 |
---------------+----------------------------+-----
Conjurations   | 2 3 4 5 6 |  6.2
Air Magic      | 5 6 8 |  8.6
Fighting       | 1 2 3 4 |  4.1
Dodging        | 3 4 |  4.9
Spellcasting   | 3 4 |  4.0
Maces & Flails | 1 2 |  2.0
Stealth        | 3 |  3.3
Fire Magic     | 1 |  1.3
Short Blades   | |  0.7

Action                     |  1- 3 |  4- 6 |  7- 9 || total
---------------------------+-------+-------+-------++-------
  Melee: Mace              |     3 |       |       ||     3
         Punch             |     1 |     1 |       ||     2
         Dagger            |    13 |    31 |       ||    44
         Kick              |     2 |    12 |    14 ||    28
         Peck              |     1 |     8 |     6 ||    15
         Club              |       |    18 |    46 ||    64
   Cast: Shock             |    49 |    92 |    70 ||   211
         Static Discharge  |     2 |    11 |    13 ||    26
         Airstrike         |       |     2 |     2 ||     4
   Stab: Sleeping          |     4 |     6 |     1 ||    11
 Armour: Robe              |    10 |    13 |     9 ||    32
  Dodge: Dodged            |    24 |    49 |    68 ||   141
